[Event "Live Chess"]
[Site "Chess.com"]
[Date "2020.04.05"]
[Round "?"]
[White "Huang, Patrick"]
[Black "Deshpande, Aryan"]
[Result "1/2-1/2"]
[WhiteElo "2046"]
[BlackElo "2111"]
[PlyCount "123"]
[EventDate "2020.??.??"]
[TimeControl "5400+30"]

1. d4 Nf6 2. Bf4 g6 3. Nc3 Bg7 4. e4 d6 5. Qd2 c6 6. f3 b5 7. Bh6 Bxh6 8. Qxh6
Qa5 9. Qd2 Nbd7 10. d5 cxd5 11. Nxd5 Qxd2+ 12. Kxd2 Nxd5 13. exd5 Rb8 14. a4
bxa4 15. Rxa4 Rxb2 16. Rxa7 Bb7 17. Bc4 Rb6 18. Ne2 O-O 19. Nc3 Nc5 20. Re1 Rb4
21. Ba2 Re8 22. Ne4 Kf8 23. Kc3 Rb6 24. Nxc5 dxc5 25. Re4 Rc8 26. Rf4 g5 27.
Rf5 Kg7 28. Rxg5+ Kf6 29. Rh5 Kg6 30. Rh4 Rd8 31. Raa4 f5 32. g4 Bc8 33. Bc4 h6
34. Ra5 fxg4 35. fxg4 Kg5 36. Rh5+ Kxg4 37. Be2+ Kf4 38. Rxc5 Ba6 39. Bxa6 Rxa6
40. Rc4+ Kf3 41. Rd4 Rc8+ 42. Kd2 Ra2 43. Rh3+ Kg2 44. Rc3 Rf8 45. Re4 Rf2+ 46.
Re2 Rxe2+ 47. Kxe2 Kxh2 48. Rc6 h5 49. Rh6 Kg3 50. Rxh5 Rxc2+ 51. Kd3 Rc7 52.
Ke4 Kg4 53. Rh7 Rc1 54. Rg7+ Kh5 55. Kf5 Rf1+ 56. Ke6 Re1+ 57. Kd7 Rd1 58. Ke6
Re1+ 59. Kf5 Rf1+ 60. Ke5 Re1+ 61. Kf4 Rf1+ 62. Ke5 {Game drawn by agreement}
1/2-1/2

[Event "Live Chess"]
[Site "Chess.com"]
[Date "2020.04.04"]
[Round "?"]
[White "Jiang, Brandon"]
[Black "Chang, Eddie"]
[Result "1-0"]
[WhiteElo "2110"]
[BlackElo "1887"]
[PlyCount "67"]
[EventDate "2020.??.??"]
[TimeControl "5400+30"]

1. e4 c5 2. Nf3 Nc6 3. Bb5 g6 4. O-O Bg7 5. c3 Nf6 6. Re1 O-O 7. d4 cxd4 8.
cxd4 d5 9. e5 Ne4 10. Nc3 Nxc3 11. bxc3 Na5 12. Bg5 Bd7 13. Bd3 Rc8 14. Rc1 Nc4
15. Qb3 b5 16. Bxc4 dxc4 17. Qa3 f6 18. exf6 exf6 19. Bf4 Bc6 20. Qxa7 Rf7 21.
Qa6 Rb7 22. Re6 Bxf3 23. gxf3 Qd5 24. Rce1 Qxf3 25. Re8+ Rxe8 26. Rxe8+ Bf8 27.
Qa8 Qg4+ 28. Kf1 Qh3+ 29. Ke1 Qxc3+ 30. Bd2 Qa1+ 31. Ke2 Rf7 32. Bh6 Qb2+ 33.
Kf1 Qb4 34. Qd5 {BrandonJiang123456 won by resignation} 1-0

[Event "Live Chess"]
[Site "Chess.com"]
[Date "2020.04.04"]
[Round "?"]
[White "yucheng11"]
[Black "Jiang, Brandon"]
[Result "1-0"]
[WhiteElo "1543"]
[BlackElo "2110"]
[PlyCount "97"]
[EventDate "2020.??.??"]
[TimeControl "5400+30"]

1. d4 f5 2. c4 Nf6 3. Nc3 e6 4. g3 Be7 5. Bg2 O-O 6. Nf3 d6 7. O-O Nc6 8. d5
Ne5 9. Nxe5 dxe5 10. dxe6 c6 11. Qxd8 Rxd8 12. e4 Bxe6 13. exf5 Bxf5 14. Re1
Bd3 15. Rxe5 Bd6 16. Re1 Bxc4 17. Be3 Re8 18. Bd4 Kf7 19. Rxe8 Rxe8 20. Bxa7
Be5 21. Be3 Ng4 22. Bb6 Ra8 23. a4 Nf6 24. f4 Bd6 25. Ne4 Bb4 26. Ng5+ Ke7 27.
b3 Bd3 28. Rd1 Bc2 29. Rc1 Bg6 30. Bc5+ Bxc5+ 31. Rxc5 h6 32. Nf3 Rd8 33. Rc1
Bf7 34. b4 Bb3 35. a5 Nd5 36. Nd4 Nxf4 37. Re1+ Be6 38. gxf4 Rxd4 39. f5 Rxb4
40. Rxe6+ Kf7 41. Bf3 g6 42. Rxg6 Rf4 43. Bh5 Rxf5 44. Rg5+ Kf6 45. Rxf5+ Kxf5
46. Bf3 c5 47. Bxb7 c4 48. Bd5 c3 49. Bb3 {yucheng11 won by resignation} 1-0

[Event "Live Chess"]
[Site "Chess.com"]
[Date "2020.04.05"]
[Round "?"]
[White "Jiang, Brandon"]
[Black "Vijayakumar, Advaith"]
[Result "1/2-1/2"]
[WhiteElo "2110"]
[BlackElo "2026"]
[PlyCount "83"]
[EventDate "2020.??.??"]
[TimeControl "5400+30"]

1. e4 c5 2. Nf3 Nc6 3. Bb5 g6 4. O-O Bg7 5. c3 Nf6 6. Re1 O-O 7. d4 cxd4 8.
cxd4 d5 9. e5 Ne4 10. Nc3 Nxc3 11. bxc3 Qa5 12. a4 Bg4 13. Bd2 Bxf3 14. Qxf3
Nxd4 15. cxd4 Qxd2 16. Rad1 Qb2 17. Qxd5 Rad8 18. Qxb7 Rxd4 19. Rxd4 Qxd4 20.
Qxe7 a6 21. Bxa6 Qxa4 22. Bf1 Re8 23. Qc5 Bf8 24. Qd5 Qa8 25. Qd4 Qa5 26. Qe4
Bc5 27. h3 Qd2 28. Re2 Qd4 29. Qxd4 Bxd4 30. Re4 Rd8 31. Bc4 Bc3 32. e6 fxe6
33. Rxe6 Kf8 34. Kh2 Bd4 35. Re4 Bc5 36. Rf4+ Kg7 37. Rf7+ Kh6 38. g3 Rf8 39.
Rxf8 Bxf8 40. Kg2 g5 41. Kf3 Bc5 42. Bd3 {Game drawn by agreement} 1/2-1/2

[Event "Live Chess"]
[Site "Chess.com"]
[Date "2020.04.04"]
[Round "?"]
[White "Thomas, Damarcus"]
[Black "Whale, Nicholas"]
[Result "1-0"]
[WhiteElo "1843"]
[BlackElo "2065"]
[PlyCount "125"]
[EventDate "2020.??.??"]
[TimeControl "5400+30"]

1. e4 c5 2. Nf3 Nc6 3. d4 cxd4 4. Nxd4 Nf6 5. Nc3 e5 6. Nxc6 bxc6 7. Bd3 Bb4 8.
Bg5 O-O 9. O-O Bxc3 10. bxc3 d5 11. f4 Qb6+ 12. Kh1 Nxe4 13. Bxe4 dxe4 14. fxe5
Qc5 15. Qd4 Qd5 16. Rf4 h6 17. Be7 Re8 18. Bd6 Qxd4 19. cxd4 e3 20. Re4 Bf5 21.
Rxe3 Bxc2 22. Rc1 Ba4 23. Ra3 Bb5 24. Ra5 Rec8 25. h3 Bd3 26. Rc3 Be2 27. Kg1
a6 28. g4 c5 29. Raxc5 Rd8 30. a4 Bd1 31. Ra5 f6 32. Kf2 fxe5 33. dxe5 Rdc8 34.
Bc5 Rd8 35. Bd6 Rdc8 36. Rxc8+ Rxc8 37. Rxa6 Bb3 38. a5 Rc3 39. Ra8+ Kh7 40. h4
Be6 41. g5 hxg5 42. hxg5 Kg6 43. Re8 Bd5 44. Re7 Kxg5 45. Rxg7+ Kf5 46. a6 Rc6
47. a7 Ra6 48. Ke3 Ra4 49. Bb8 Ke6 50. Rg6+ Ke7 51. Rd6 Ba8 52. Rd3 Ke6 53. Rd8
Ke7 54. Rh8 Ke6 55. Rh6+ Ke7 56. Bd6+ Kd7 57. Kd3 Bd5 58. Bc5 Be6 59. Rh7+ Kc6
60. Rh8 Kxc5 61. a8=Q Rxa8 62. Rxa8 Kd5 63. Ra5+ {blackcat11 won by resignation
} 1-0

[Event "Live Chess"]
[Site "Chess.com"]
[Date "2020.04.04"]
[Round "?"]
[White "Whale, Nicholas"]
[Black "Deng, Lily"]
[Result "1-0"]
[WhiteElo "2065"]
[BlackElo "1844"]
[PlyCount "109"]
[EventDate "2020.??.??"]
[TimeControl "5400+30"]

1. Nf3 Nc6 2. e4 e5 3. Bb5 Nf6 4. d3 d6 5. Nc3 Be7 6. O-O O-O 7. h3 Bd7 8. Be3
a6 9. Ba4 b5 10. Bb3 Be6 11. Bd5 Qd7 12. d4 exd4 13. Nxd4 Bxd5 14. Nxd5 Nxd4
15. Bxd4 Nxd5 16. exd5 Qf5 17. Qg4 Qxg4 18. hxg4 Rae8 19. a4 f5 20. axb5 axb5
21. Ra5 Rb8 22. Ra7 Bd8 23. f3 f4 24. Rfa1 Rf7 25. Ra8 Rxa8 26. Rxa8 Rd7 27.
Rb8 Kf7 28. Rxb5 g6 29. Rb8 g5 30. Kf2 Kg6 31. b4 h5 32. b5 hxg4 33. fxg4 Kf7
34. Kf3 Kg6 35. Rb7 Rh7 36. b6 Rf7 37. bxc7 Bxc7 38. c4 Rh7 39. Bb6 Bxb6 40.
Rxb6 Rd7 41. c5 Kf7 42. Rxd6 Rc7 43. c6 Ke7 44. Rg6 Kf7 45. Rxg5 Ke7 46. Rg7+
Kd6 47. Rxc7 Kxc7 48. Kxf4 Kd6 49. Kf5 Kxd5 50. c7 Kd6 51. c8=Q Ke7 52. Qe6+
Kd8 53. Qf7 Kc8 54. Ke6 Kd8 55. Qd7# {CheeseBreadFuzzyHead won by checkmate}
1-0

[Event "Live Chess"]
[Site "Chess.com"]
[Date "2020.04.04"]
[Round "?"]
[White "Moore, Michael"]
[Black "Whale, Nicholas"]
[Result "1-0"]
[WhiteElo "1950"]
[BlackElo "2065"]
[PlyCount "67"]
[EventDate "2020.??.??"]
[TimeControl "5400+30"]

1. d4 Nf6 2. c4 g6 3. Nc3 Bg7 4. e4 d6 5. h3 O-O 6. Be3 Na6 7. Qd2 c5 8. d5 e6
9. Bd3 exd5 10. exd5 Re8 11. Nf3 Nc7 12. a4 Na6 13. O-O Nb4 14. Bb1 Nd7 15. Ne4
Nb6 16. Qc1 Bf5 17. Nfd2 a5 18. Ra3 Qd7 19. b3 Bxe4 20. Nxe4 f5 21. Ng5 Bf6 22.
Ne6 Na6 23. Bg5 Bxg5 24. Qxg5 Qf7 25. Ra2 Rac8 26. Re2 Nd7 27. Rfe1 Nf8 28. Qg3
Nxe6 29. dxe6 Qf8 30. e7 Qf6 31. Re6 f4 32. Qg4 Qf7 33. Bxg6 hxg6 34. Rxg6+ {
drakeglider won by resignation} 1-0

[Event "Live Chess"]
[Site "Chess.com"]
[Date "2020.04.04"]
[Round "?"]
[White "Huang, Patrick"]
[Black "Jones, Davey"]
[Result "1-0"]
[WhiteElo "2046"]
[BlackElo "1819"]
[PlyCount "51"]
[EventDate "2020.??.??"]
[TimeControl "5400+30"]

1. d4 Nf6 2. Bf4 g6 3. Nc3 d5 4. e3 Bg7 5. h4 h6 6. Nf3 Bg4 7. Be2 Bxf3 8. Bxf3
c6 9. Qe2 O-O 10. g4 Nfd7 11. O-O-O Re8 12. e4 e6 13. Qe3 Kh7 14. Be2 b5 15.
Bd3 e5 16. dxe5 Nxe5 17. exd5 Nc4 18. Qf3 Nxb2 19. h5 Nxd3+ 20. Rxd3 g5 21.
dxc6 Qa5 22. Bxg5 hxg5 23. h6 Na6 24. hxg7+ Kxg7 25. Rh7+ Kxh7 26. Qxf7+ {
Patrick_Y_Huang won by resignation} 1-0

[Event "Live Chess"]
[Site "Chess.com"]
[Date "2020.04.04"]
[Round "?"]
[White "Thomas, Damarcus"]
[Black "Huang, Patrick"]
[Result "0-1"]
[WhiteElo "1843"]
[BlackElo "2046"]
[PlyCount "56"]
[EventDate "2020.??.??"]
[TimeControl "5400+30"]

1. e4 g6 2. d4 Bg7 3. Bc4 d6 4. Qf3 e6 5. Ne2 Ne7 6. Bg5 Nd7 7. Nbc3 h6 8. Bh4
a6 9. Bd3 O-O 10. Qe3 b6 11. f4 Bb7 12. O-O c5 13. d5 exd5 14. exd5 Nxd5 15.
Qh3 Qc7 16. f5 c4 17. Nxd5 Bxd5 18. Nf4 cxd3 19. Nxd5 Qc5+ 20. Kh1 Qxd5 21. f6
Nxf6 22. Rxf6 Bxf6 23. Bxf6 d2 24. Rd1 Qe6 25. Qh4 Qe2 26. Rg1 d1=Q 27. Bd4 Qg4
28. Qf6 Qdxd4 {Patrick_Y_Huang won by resignation} 0-1

[Event "Live Chess"]
[Site "Chess.com"]
[Date "2020.04.05"]
[Round "?"]
[White "Huang, Patrick"]
[Black "Chen, Minda"]
[Result "1/2-1/2"]
[WhiteElo "2046"]
[BlackElo "1966"]
[PlyCount "33"]
[EventDate "2020.??.??"]
[TimeControl "5400+30"]

1. d4 Nf6 2. Bf4 d5 3. e3 e6 4. Nf3 c5 5. c3 Nc6 6. Nbd2 Bd6 7. Bg3 b6 8. Bd3
O-O 9. Qe2 Bb7 10. Rd1 Qc7 11. e4 dxe4 12. Nxe4 Nxe4 13. Bxe4 h6 14. dxc5 Bxg3
15. hxg3 bxc5 16. g4 f6 17. g5 {Game drawn by agreement} 1/2-1/2

[Event "Live Chess"]
[Site "Chess.com"]
[Date "2020.04.05"]
[Round "?"]
[White "Moore, Michael"]
[Black "Huang, Patrick"]
[Result "0-1"]
[WhiteElo "1950"]
[BlackElo "2046"]
[PlyCount "62"]
[EventDate "2020.??.??"]
[TimeControl "5400+30"]

1. d4 g6 2. c4 Bg7 3. Nc3 d6 4. e4 e5 5. Nge2 Nc6 6. Be3 f5 7. exf5 gxf5 8. d5
Nce7 9. f4 Nf6 10. Qd2 Ng6 11. O-O-O O-O 12. g3 Bd7 13. Kb1 Qe7 14. fxe5 Nxe5
15. Nd4 Neg4 16. Re1 Rae8 17. Nc2 Nxe3 18. Rxe3 Ne4 19. Nxe4 Bh6 20. Bg2 Bxe3
21. Qxe3 fxe4 22. Re1 Qf6 23. Rf1 Qe5 24. Qxa7 e3 25. Re1 Qf6 26. Re2 Bg4 27.
Rxe3 Qf2 28. Qd4 Qg1+ 29. Ne1 Bf5+ 30. Be4 Rxe4 31. Rxe4 Qxd4 {Patrick_Y_Huang
won by resignation} 0-1

[Event "Live Chess"]
[Site "Chess.com"]
[Date "2020.04.04"]
[Round "?"]
[White "Vemparala, Nikash"]
[Black "Leslie, Cameron"]
[Result "1-0"]
[WhiteElo "1672"]
[BlackElo "2030"]
[PlyCount "84"]
[EventDate "2020.??.??"]
[TimeControl "5400+30"]

1. e4 c5 2. Nc3 Nc6 3. g3 g6 4. Bg2 Bg7 5. d3 d6 6. Be3 Nf6 7. h3 O-O 8. f4 Be6
9. Nf3 b5 10. a3 Qb6 11. O-O d5 12. Bf2 d4 13. Ne2 Rfd8 14. g4 a5 15. Ng3 c4
16. g5 Ne8 17. f5 Bc8 18. h4 Nd6 19. fxg6 hxg6 20. h5 Bg4 21. hxg6 fxg6 22. Qc1
Rf8 23. Nh4 Ne5 24. Qd2 Rac8 25. Ne2 c3 26. bxc3 Rxf2 27. Rxf2 dxc3 28. Qe1 Rf8
29. Kf1 Rc8 30. Nf4 Ndf7 31. Nd5 Qc5 32. Qe3 Qd6 33. Qf4 Qc5 34. d4 Qxd4 35.
Nxe7+ Kh7 36. Nxc8 Qc4+ 37. Kg1 Qxc8 38. Bf3 b4 39. Bxg4 Nxg4 40. Qxf7 Nxf2 41.
Qxf2 Qg4+ 42. Ng2 Qf4 {insatiable27 won by resignation} 1-0

[Event "Live Chess"]
[Site "Chess.com"]
[Date "2020.04.04"]
[Round "?"]
[White "Leslie, Cameron"]
[Black "Jones, Davey"]
[Result "1-0"]
[WhiteElo "2030"]
[BlackElo "1819"]
[PlyCount "73"]
[EventDate "2020.??.??"]
[TimeControl "5400+30"]

1. d4 Nf6 2. c4 c5 3. d5 e6 4. Nc3 exd5 5. cxd5 d6 6. e4 g6 7. f4 Bg7 8. Bb5+
Nfd7 9. Be2 Qh4+ 10. g3 Qe7 11. Nf3 O-O 12. O-O a6 13. a4 Nf6 14. Nd2 Bh3 15.
Re1 Nbd7 16. Bf3 Rab8 17. Qe2 h5 18. a5 b5 19. axb6 Rxb6 20. Nc4 Rb4 21. Rxa6
Ng4 22. Bxg4 Bd4+ 23. Be3 Bxg4 24. Qd3 Bxe3+ 25. Rxe3 Rfb8 26. Ra7 Qf6 27. e5
dxe5 28. fxe5 Qg5 29. Ne4 Qf5 30. Rxd7 Rb3 31. Nf6+ Kg7 32. Qxf5 Bxf5 33. Rxb3
Rxb3 34. Rc7 Bh3 35. Nd6 Rf3 36. Rxf7+ Kh6 37. Ng8+ {CamLeslie won by
resignation} 1-0

[Event "Live Chess"]
[Site "Chess.com"]
[Date "2020.04.04"]
[Round "?"]
[White "Szeto, Sophie"]
[Black "Leslie, Cameron"]
[Result "1-0"]
[WhiteElo "1496"]
[BlackElo "2030"]
[PlyCount "153"]
[EventDate "2020.??.??"]
[TimeControl "5400+30"]

1. e4 c5 2. Nf3 g6 3. d4 cxd4 4. Nxd4 Nc6 5. Nc3 Bg7 6. Nb3 Bxc3+ 7. bxc3 d6 8.
Bd3 Nf6 9. O-O O-O 10. Bh6 Re8 11. Qd2 Be6 12. Nd4 Bc8 13. f3 Qa5 14. Rab1 a6
15. Nb3 Qc7 16. Rfe1 Ne5 17. f4 Nc4 18. Bxc4 Qxc4 19. e5 dxe5 20. fxe5 Nh5 21.
Qd4 Qc7 22. Nc5 Rd8 23. Qf2 Rd5 24. Na4 Rd8 25. Nc5 b6 26. e6 f6 27. Ne4 b5 28.
Qc5 Ra7 29. Rbd1 Re8 30. Qd5 Bb7 31. Qb3 Rd8 32. Rd4 Raa8 33. a4 Rxd4 34. cxd4
Rd8 35. axb5 Rxd4 36. Nf2 Ng7 37. bxa6 Bxa6 38. Be3 Bc4 39. Qb4 Rd5 40. Bb6 Qf4
41. Qxe7 h5 42. Qf7+ Kh7 43. Ne4 Re5 44. Bc7 Rxe4 45. Bxf4 Rxe1+ 46. Kf2 Rf1+
47. Ke3 g5 48. Bd6 Bxe6 49. Qc7 Kg6 50. Bf8 Nf5+ 51. Kd3 Rf2 52. Qb7 Rf1 53.
Qc6 Bd5 54. Qe8+ Bf7 55. Qe2 Rc1 56. Qd2 Rg1 57. Bc5 Rb1 58. h3 h4 59. Kc3 Rb5
60. Bf2 Rd5 61. Qe2 Nd6 62. Qe7 f5 63. Be3 Ne4+ 64. Kb4 Rd1 65. Qc7 Nf6 66. c4
Rb1+ 67. Ka3 Re1 68. Bxg5 Kxg5 69. Qxf7 Ne4 70. Qg7+ Kh5 71. c5 Rc1 72. Qh7+
Kg5 73. Qg8+ Kh5 74. Qe8+ Kg5 75. c6 Kf6 76. Qh8+ Ke6 77. Qh6+ {sls701 won by
resignation} 1-0

[Event "Live Chess"]
[Site "Chess.com"]
[Date "2020.04.05"]
[Round "?"]
[White "Wang, Felicity"]
[Black "Leslie, Cameron"]
[Result "1-0"]
[WhiteElo "1637"]
[BlackElo "2030"]
[PlyCount "91"]
[EventDate "2020.??.??"]
[TimeControl "5400+30"]

1. e4 c5 2. Nf3 g6 3. d4 cxd4 4. Nxd4 Nc6 5. Nc3 Bg7 6. Be3 Nf6 7. Be2 O-O 8.
O-O d5 9. Nxc6 bxc6 10. e5 Nd7 11. f4 e6 12. Na4 f6 13. Nc5 Nxc5 14. Bxc5 fxe5
15. Bxf8 Qxf8 16. fxe5 Qc5+ 17. Kh1 Bxe5 18. c3 Qd6 19. g3 Bb7 20. Qd3 c5 21.
Kg1 Re8 22. Qf3 Qd7 23. Qe3 Bc7 24. a4 Bc6 25. a5 d4 26. Qd2 e5 27. Bc4+ Bd5
28. Be2 Bb3 29. Bd1 Bc4 30. Ba4 Bb5 31. Bxb5 Qxb5 32. Qf2 Qd7 33. cxd4 cxd4 34.
Ra3 e4 35. b4 Be5 36. Qa2+ Kg7 37. Qb3 d3 38. a6 d2 39. Qd1 e3 40. Qe2 Bd4 41.
Rd3 Qd6 42. Rf4 Qxb4 43. Rdxd4 Qb1+ 44. Rf1 Qb6 45. Rd7+ Kh8 46. Rb7 {
FireHeartSandStorm won by resignation} 1-0

[Event "Live Chess"]
[Site "Chess.com"]
[Date "2020.04.05"]
[Round "?"]
[White "Leslie, Cameron"]
[Black "Nallabothula, Varin"]
[Result "1-0"]
[WhiteElo "2030"]
[BlackElo "1293"]
[PlyCount "77"]
[EventDate "2020.??.??"]
[TimeControl "5400+30"]

1. d4 d5 2. c4 c6 3. Nc3 Nf6 4. e3 Bg4 5. f3 Bf5 6. g4 Bg6 7. Nge2 dxc4 8. Nf4
b5 9. h4 h6 10. Nxg6 fxg6 11. Qc2 Kf7 12. a4 Qa5 13. Bd2 Qb6 14. axb5 cxb5 15.
Nxb5 Nbd7 16. Bxc4+ e6 17. Ba5 Qb7 18. O-O Rc8 19. Rac1 Be7 20. Qb3 Qa6 21. Bb4
Qb6 22. Ba5 Qb8 23. Bxe6+ Kf8 24. Rxc8+ Qxc8 25. Nxa7 Qa6 26. Rc1 Qxa5 27. Rc8+
Bd8 28. Nc6 Qe1+ 29. Kg2 Qe2+ 30. Kg3 Nh5+ 31. gxh5 Qe1+ 32. Kf4 Qxh4+ 33. Bg4
Qf6+ 34. Kg3 Qh4+ 35. Kg2 Ke8 36. Qe6+ Kf8 37. Rxd8+ Qxd8 38. Nxd8 Ne5 39. dxe5
{CamLeslie won by resignation} 1-0

[Event "Live Chess"]
[Site "Chess.com"]
[Date "2020.04.04"]
[Round "?"]
[White "Vijayakumar, Advaith"]
[Black "Wang, Felicity"]
[Result "1-0"]
[WhiteElo "2026"]
[BlackElo "1637"]
[PlyCount "179"]
[EventDate "2020.??.??"]
[TimeControl "5400+30"]

1. d4 g6 2. c4 Bg7 3. Nf3 d6 4. g3 Nd7 5. Bg2 e5 6. Nc3 Ne7 7. dxe5 dxe5 8. O-O
O-O 9. Qc2 f5 10. Rd1 Qe8 11. Nb5 Qd8 12. Ng5 Rf6 13. f4 e4 14. b4 h6 15. Nh3
a6 16. Nd4 Qe8 17. Bb2 Nb6 18. Nb3 Rf7 19. Rac1 Be6 20. Na5 Rb8 21. e3 Nc6 22.
Bxg7 Rxg7 23. Nxc6 Qxc6 24. Bf1 Re7 25. Rd4 Rd7 26. Rxd7 Bxd7 27. Rd1 Be6 28.
Rd4 Kf7 29. Qc3 Re8 30. Nf2 Nd5 31. Qd2 Nb6 32. Qc3 Nd5 33. Qb3 Nb6 34. Nd1 Re7
35. Nb2 Rd7 36. Qc3 Nd5 37. Qd2 Nb6 38. Be2 Ke7 39. h4 Bf7 40. Qd1 Qf6 41. Kf2
g5 42. hxg5 hxg5 43. Rxd7+ Nxd7 44. Qd2 Nb6 45. fxg5 Qxg5 46. Qd4 Qf6 47. a4
Be8 48. a5 Nd7 49. Nd1 Ne5 50. Nc3 Qd6 51. Nd5+ Ke6 52. Nf4+ Kd7 53. Nd5 Bf7
54. g4 Bxd5 55. cxd5 Nxg4+ 56. Bxg4 Qh2+ 57. Ke1 Qg1+ 58. Kd2 Qxg4 59. Qe5 Qg6
60. Kc3 Qf7 61. Kd4 c6 62. dxc6+ bxc6 63. Qc5 Qf6+ 64. Kc4 Qe6+ 65. Kc3 Qf6+
66. Kc4 Qe6+ 67. Kc3 f4 68. Qa7+ Kd6 69. Qb8+ Kd5 70. Qxf4 Qg6 71. Qf8 Ke6 72.
Qc5 Qf6+ 73. Qd4 Qf3 74. Qc4+ Kd6 75. Qc5+ Kd7 76. Kd4 Qd1+ 77. Ke5 Qh5+ 78.
Kxe4 Qh1+ 79. Ke5 Qh5+ 80. Kf4 Qh4+ 81. Kf3 Qh3+ 82. Ke2 Qg4+ 83. Kd2 Qg2+ 84.
Kc3 Qf1 85. Qd4+ Kc7 86. Qf4+ Qxf4 87. exf4 Kd6 88. Kd4 Ke6 89. Kc5 Kd7 90. f5
{Chess4PK won by resignation} 1-0

[Event "Live Chess"]
[Site "Chess.com"]
[Date "2020.04.04"]
[Round "?"]
[White "Vemparala, Nikash"]
[Black "Vijayakumar, Advaith"]
[Result "0-1"]
[WhiteElo "1672"]
[BlackElo "2026"]
[PlyCount "66"]
[EventDate "2020.??.??"]
[TimeControl "5400+30"]

1. e4 c5 2. Nc3 Nc6 3. g3 g6 4. Bg2 Bg7 5. d3 d6 6. Be3 e5 7. f4 Nge7 8. Nf3
O-O 9. O-O Nd4 10. h3 h6 11. g4 f5 12. Nh2 exf4 13. Bxf4 g5 14. Bd2 f4 15. Nf3
Nec6 16. Rb1 Be6 17. a3 Qd7 18. Nxd4 Nxd4 19. Bf3 h5 20. gxh5 Bxh3 21. Rf2
Nxf3+ 22. Qxf3 g4 23. Qe2 f3 24. Qd1 Bd4 25. Nd5 g3 26. Be3 gxf2+ 27. Kxf2
Bxe3+ 28. Nxe3 Kh8 29. Qd2 Qe7 30. Rg1 Bg2 31. Nf5 Rxf5 32. exf5 Qh4+ 33. Ke3
Re8# {Chess4PK won by checkmate} 0-1

[Event "Live Chess"]
[Site "Chess.com"]
[Date "2020.04.05"]
[Round "?"]
[White "Roberts, Theodore "]
[Black "Vijayakumar, Advaith"]
[Result "0-1"]
[WhiteElo "1934"]
[BlackElo "2026"]
[PlyCount "118"]
[EventDate "2020.??.??"]
[TimeControl "5400+30"]

1. e4 c5 2. Nf3 Nc6 3. Bb5 g6 4. c3 Bg7 5. O-O Nf6 6. Re1 O-O 7. d4 cxd4 8.
cxd4 d5 9. e5 Ne4 10. Nc3 Nxc3 11. bxc3 Qa5 12. Qb3 Bg4 13. Bd2 Bxf3 14. Bxc6
bxc6 15. gxf3 Rab8 16. Qc2 c5 17. c4 Qa3 18. Re3 Qb2 19. Qxb2 Rxb2 20. Bc3 Rc2
21. cxd5 Bh6 22. f4 Rd8 23. Rf3 Rxd5 24. dxc5 Bxf4 25. e6 Rf5 26. exf7+ Kxf7
27. Kg2 Bxh2 28. Rxf5+ gxf5 29. Bd4 Bc7 30. Rh1 Kg6 31. Re1 Kf7 32. Rh1 Rxa2
33. Rxh7+ Ke6 34. Kf3 a5 35. Be3 Ra3 36. Ke2 f4 37. Bd2 a4 38. c6 Ra2 39. Kd3
a3 40. Bb4 Kd5 41. Rxe7 Kxc6 42. Re8 Rxf2 43. Ra8 Bd6 44. Bxd6 Kxd6 45. Kd4 a2
46. Ra6+ Kc7 47. Ke4 Kb7 48. Ra3 Kb6 49. Ra8 Kb5 50. Ra7 Kb4 51. Ra8 Kb3 52.
Kd3 Kb2 53. Rb8+ Kc1 54. Rc8+ Kb1 55. Rb8+ Rb2 56. Rh8 a1=Q 57. Rh1+ Ka2 58.
Rxa1+ Kxa1 59. Ke4 Rf2 {Chess4PK won by resignation} 0-1

[Event "Live Chess"]
[Site "Chess.com"]
[Date "2020.04.04"]
[Round "?"]
[White "Seshadri, Sridhar"]
[Black "Turner, Jesse"]
[Result "0-1"]
[WhiteElo "1626"]
[BlackElo "2012"]
[PlyCount "84"]
[EventDate "2020.??.??"]
[TimeControl "5400+30"]

1. d4 d5 2. Nf3 Nf6 3. Bf4 c5 4. e3 Nc6 5. Be2 Qb6 6. b3 Bf5 7. O-O e6 8. a4 h6
9. h3 Rc8 10. Bd3 cxd4 11. Bxf5 exf5 12. Nxd4 Nxd4 13. exd4 Bd6 14. Re1+ Kf8
15. Bxd6+ Qxd6 16. Qf3 g6 17. Na3 a6 18. c4 dxc4 19. Nxc4 Qd5 20. Qf4 Rd8 21.
Rad1 Kg7 22. Re5 Qd7 23. Rc5 Rhe8 24. Rc7 Qd5 25. f3 b5 26. Rc5 Qxc5 27. dxc5
Rxd1+ 28. Kh2 bxc4 29. Qxc4 a5 30. b4 axb4 31. c6 Rc8 32. a5 Rd6 33. Qxb4 Rcxc6
34. h4 Ra6 35. Qb5 Ra8 36. Kh3 Rda6 37. Qb2 Rxa5 38. g3 Ra2 39. Qe5 Rf2 40. h5
Raa2 41. g4 Rxf3+ 42. Kh4 g5# {Encephalocele won by checkmate} 0-1

[Event "Live Chess"]
[Site "Chess.com"]
[Date "2020.04.04"]
[Round "?"]
[White "Nallabothula, Varin"]
[Black "Turner, Jesse"]
[Result "0-1"]
[WhiteElo "1293"]
[BlackElo "2012"]
[PlyCount "58"]
[EventDate "2020.??.??"]
[TimeControl "5400+30"]

1. e4 c5 2. Nc3 Nc6 3. g3 g6 4. Bg2 Bg7 5. f4 e6 6. Nf3 Nge7 7. d3 d5 8. O-O
O-O 9. h3 a6 10. g4 b5 11. g5 Nd4 12. e5 Nef5 13. Nxd4 cxd4 14. Nb1 Bb7 15. Qe1
Qc7 16. Qf2 Rfc8 17. c3 Bf8 18. cxd4 Nxd4 19. Be3 Nf5 20. Rc1 Qd7 21. Nd2 d4
22. Bxd4 Bxg2 23. Rxc8 Rxc8 24. Bb6 Bb7 25. h4 Qxd3 26. Nf1 Rc2 27. Qxc2 Qxc2
28. Bf2 Bc5 29. Bxc5 Qg2# {Encephalocele won by checkmate} 0-1

[Event "Live Chess"]
[Site "Chess.com"]
[Date "2020.04.05"]
[Round "?"]
[White "Turner, Jesse"]
[Black "Moore, Michael"]
[Result "1/2-1/2"]
[WhiteElo "2012"]
[BlackElo "1950"]
[PlyCount "149"]
[EventDate "2020.??.??"]
[TimeControl "5400+30"]

1. d4 Nf6 2. Nf3 e6 3. g3 c5 4. Bg2 cxd4 5. Nxd4 d6 6. O-O Be7 7. c4 O-O 8. Nc3
a6 9. b3 Qc7 10. Bb2 Bd7 11. Rc1 Qb6 12. Qd2 Nc6 13. Rfd1 Rac8 14. e3 Rfd8 15.
Nde2 Ne5 16. Qd4 Qc7 17. Nf4 Qb8 18. Ne4 Bc6 19. Nd2 Bxg2 20. Kxg2 b5 21. f3
bxc4 22. bxc4 Ned7 23. Qc3 e5 24. Nd3 Nd5 25. cxd5 Rxc3 26. Rxc3 Nc5 27. Nb3
Na4 28. Rc6 Qb5 29. Ba3 Qxd5 30. Rxa6 Nc3 31. Rd2 Nb1 32. Rd1 Qc4 33. Ra7 Qc2+
34. Nf2 Qxa2 35. Nc1 Qxa3 36. Rxa3 Nxa3 37. e4 Nc2 38. Kg1 Nd4 39. Kg2 Rc8 40.
Ncd3 f6 41. Nb4 Kf7 42. Nd5 Rc2 43. Ra1 Nb5 44. Ra5 Nc3 45. Ne3 Re2 46. Neg4 h5
47. Ra3 Nxe4 48. fxe4 hxg4 49. Kf1 Rc2 50. Nxg4 d5 51. Ra4 d4 52. Ra1 Bb4 53.
Rd1 Bc3 54. Rd3 Rc1+ 55. Ke2 Re1+ 56. Kf3 f5 57. Nf2 g6 58. h3 Kf6 59. g4 Ke6
60. h4 Kf6 61. h5 Rf1 62. Kg2 Rxf2+ 63. Kxf2 fxe4 64. Rh3 gxh5 65. gxh5 Kg7 66.
Ke2 Kh6 67. Rh1 Bb4 68. Rh4 e3 69. Kd3 Be7 70. Rh2 Bg5 71. Rh3 Bf4 72. Rh1 Bg5
73. Rh3 Bf6 74. Rh2 Bg5 75. Rh3 {Game drawn by repetition} 1/2-1/2

[Event "Live Chess"]
[Site "Chess.com"]
[Date "2020.04.05"]
[Round "?"]
[White "Turner, Jesse"]
[Black "Roberts, Theodore "]
[Result "1/2-1/2"]
[WhiteElo "2012"]
[BlackElo "1934"]
[PlyCount "87"]
[EventDate "2020.??.??"]
[TimeControl "5400+30"]

1. d4 d5 2. Nf3 Nf6 3. g3 e6 4. Bg2 Be7 5. O-O O-O 6. c4 b6 7. Nc3 Bb7 8. Ne5
Nbd7 9. Qa4 c6 10. Nxc6 Bxc6 11. Qxc6 Rc8 12. Qa4 Rxc4 13. Qd1 Bb4 14. Qd3 Qe7
15. a3 Bxc3 16. bxc3 Rfc8 17. Bd2 b5 18. Rfb1 a6 19. a4 bxa4 20. Rb4 Rxb4 21.
cxb4 Rc4 22. Rxa4 Nb8 23. Ra5 Qa7 24. Rc5 Rxc5 25. dxc5 Qb7 26. e4 h6 27. exd5
Nxd5 28. Bxd5 Qxd5 29. Qxd5 exd5 30. f4 f5 31. Kf2 Kf7 32. Bc3 Nc6 33. Ke3 g6
34. h4 Ke6 35. Kd3 Na7 36. Bg7 h5 37. Kc3 Nb5+ 38. Kb3 Kd7 39. Bc3 Kc6 40. Be5
Kb7 41. Ka4 Kc6 42. Kb3 Kb7 43. Ka4 Kc6 44. Kb3 {Game drawn by repetition}
1/2-1/2

[Event "Live Chess"]
[Site "Chess.com"]
[Date "2020.04.05"]
[Round "?"]
[White "Thomas, Damarcus"]
[Black "Turner, Jesse"]
[Result "1/2-1/2"]
[WhiteElo "1843"]
[BlackElo "2012"]
[PlyCount "79"]
[EventDate "2020.??.??"]
[TimeControl "5400+30"]

1. e4 c5 2. Nf3 d6 3. d4 cxd4 4. Nxd4 Nf6 5. Nc3 a6 6. Bg5 Nbd7 7. Bc4 e6 8. f4
b5 9. Bd3 Bb7 10. Nb3 Be7 11. Qe2 h6 12. Bh4 Rc8 13. a3 Nxe4 14. Bxe4 Bxh4+ 15.
g3 Bxe4 16. Qxe4 Bf6 17. Qd3 Bxc3+ 18. bxc3 Qc7 19. O-O O-O 20. Rf3 Nc5 21. Qd4
e5 22. Qd5 Na4 23. fxe5 Nxc3 24. Qxd6 Ne2+ 25. Kh1 Qxc2 26. Raf1 Qc6 27. Qd3
Qc4 28. Qf5 Nd4 29. Nxd4 Qxd4 30. e6 f6 31. e7 Rfe8 32. Re1 Qc5 33. Qe6+ Kh7
34. Rxf6 gxf6 35. Qf7+ Kh8 36. Qxf6+ Kh7 37. Qf7+ Kh8 38. Qf6+ Kh7 39. Qf7+ Kh8
40. Qf6+ {Game drawn by repetition} 1/2-1/2